 Dungeon Crawl Stone Soup version 0.24.0-123-gd5b16e6ec5 (webtiles) character file.

Game seed: 8022464444169209925, levelgen mode: deterministic

522 Johnny the Poker (level 6, -1/52 HPs)
             Began as a Demigod Gladiator on Jan 25, 2020.
             Slain by a centaur (7 damage)
             ... on level 6 of the Dungeon.
             The game lasted 00:04:23 (3572 turns).

Johnny the Poker (Demigod Gladiator)                Turns: 3572, Time: 00:04:23

Health: -1/52      AC: 13    Str: 21    XL:     6   Next: 70%
Magic:  8/8        EV:  9    Int: 12    God:
Gold:   125        SH:  0    Dex: 26    Spells: 5/5 levels left

rFire    . . .     SeeInvis .   a - +0 trident
rCold    . . .     Gourm    .   (no shield)
rNeg     . . .     Faith    .   e - +3 chain mail
rPois    .         Spirit   .   c - +0 helmet
rElec    .         Reflect  .   r - +0 cloak
rCorr    .         Harm     .   (no gloves)
MR       .....                  (no boots)
Stlth    ..........             (no amulet)
HPRegen  0.17/turn              q - +3 ring of dexterity
MPRegen  0.11/turn              p - +6 ring of dexterity

@: no status effects
A: high mp 1
a: no special abilities


You were on level 6 of the Dungeon.
You were not hungry.

You visited 1 branch of the dungeon, and saw 5 of its levels.

You collected 125 gold pieces.

Inventory:

Hand Weapons
 a - a +0 trident (weapon)
Missiles
 d - 3 throwing nets (quivered)
Armour
 c - a +0 helmet (worn)
 e - a +3 chain mail (worn)
 r - a +0 cloak (worn)
Jewellery
 b - an uncursed ring of ice
 p - a +6 ring of dexterity (right hand)
 q - a +3 ring of dexterity (left hand)
 x - an uncursed ring of resist corrosion
Scrolls
 i - 2 scrolls of random uselessness
 l - 2 scrolls of enchant armour
 m - 5 scrolls of remove curse
 n - a scroll of blinking
 o - a scroll of teleportation
 u - a scroll of noise
Potions
 g - 2 potions of ambrosia {unknown}
 h - 2 potions of curing {unknown}
 j - a potion of heal wounds
 k - a potion of resistance {unknown}
 t - a potion of degeneration {unknown}
 v - a potion of haste {unknown}
 w - a potion of lignification {unknown}
Comestibles
 f - 7 rations


   Skills:
 + Level 4.1 Fighting
 * Level 6.2 Polearms
 - Level 1.7 Throwing
 - Level 2.6 Dodging


You had 5 spell levels left.
You didn't know any spells.
Your spell library was empty.

Dungeon Overview and Level Annotations

Branches:
Dungeon (4/15)
 Temple: D:4-7


Innate Abilities, Weirdness & Mutations

You have an increased reservoir of magic. (+10% MP)


Message History

The centaur is heavily wounded.
The centaur hits you.
* * * LOW HITPOINT WARNING * * *
The orc hits you but does no damage.
Your chain mail prevents you from hitting the centaur.
The centaur is heavily wounded.
The centaur closely misses you. The orc hits you with a +0 flail.
* * * LOW HITPOINT WARNING * * *
The centaur closely misses you.
You puncture the centaur!
The centaur is almost dead.
The centaur hits you.
* * * LOW HITPOINT WARNING * * *
The orc hits you with a +0 flail.
* * * LOW HITPOINT WARNING * * *
Unknown command.
You barely miss the centaur.
The centaur is almost dead.
The centaur hits you!
You die...

### ############## ##.##
.......(.<.(.###.#.##
#.........c..#.##### ### .
#.#####.##@......... ..#
.######.......So.#.#######
#.# ..c..((...###.##.#.#
#.# ....(..(..#
#.##.#.###########.#
.##(#######
#.##....)........#.## #.#
#.####.#####.....#...
..........# #.#
#...........#.#.
.#..#####.# #.#
#######......... #./# #.#
#..###†###


You could see a centaur, an adder and an orc.

Vanquished Creatures
  2 ogres (D:6)
  A centaur (D:6)
  2 howler monkeys (D:4)
  An iguana (D:6)
  A worker ant (D:4)
  A gnoll (D:1)
  5 adders
  An ooze (D:1)
  5 worms
  4 leopard geckos
  3 orcs (D:3)
  5 giant cockroaches
  11 hobgoblins
  9 jackals
  5 kobolds
  A quokka (D:3)
  A ball python (D:3)
  7 bats
  5 frilled lizards
  A giant cockroach zombie (D:6)
  4 goblins
  6 rats
81 creatures vanquished.

Notes
Turn   | Place    | Note
-------+----------+-------------------------------------------
     0 | D:1      | Johnny the Demigod Gladiator began the quest for the Orb.
     0 | D:1      | Reached XP level 1. HP: 17/17 MP: 3/3
   295 | D:2      | Reached skill level 3 in Polearms
   557 | D:2      | Reached XP level 2. HP: 12/24 MP: 4/4
   839 | D:2      | Found a sacrificial altar of Ru.
  1024 | D:2      | Found an ornate altar of the Wu Jian Council.
  1075 | D:2      | Reached XP level 3. HP: 28/30 MP: 5/5
  1180 | D:2      | Found a hide-covered altar of Uskayaw.
  1180 | D:2      | Noticed a +0 dagger
  1180 | D:2      | Noticed a +0 dagger
  1256 | D:2      | Found a glowing silver altar of Zin.
  1740 | D:1      | Reached skill level 4 in Polearms
  2248 | D:3      | Reached XP level 4. HP: 36/37 MP: 6/6
  2272 | D:3      | Found an ancient bone altar of Kikubaaqudgha.
  2719 | D:3      | Found a basalt altar of Yredelemnul.
  3014 | D:4      | Reached XP level 5. HP: 36/45 MP: 7/7
  3025 | D:4      | Reached skill level 5 in Polearms
  3036 | D:4      | You fall into a shaft and drop 2 floors!
  3036 | D:6      | Noticed a centaur
  3045 | D:6      | Killed a centaur
  3045 | D:6      | Reached XP level 6. HP: 8/52 MP: 8/8
  3562 | D:6      | Reached skill level 6 in Polearms
  3572 | D:6      | Slain by a centaur

Levels and vault maps discovered:
D:1:      beargit_arrival_greenhouse, layout_basic
D:2:      layout_loops_corners, dancing_weapons_uskayaw,
          nicolae_overflow_crystal_walls, lemuel_crystal_altar,
          lemuel_round_altar, chequers_serial_rivers_micro_b,
          chequers_serial_rivers_micro_b
D:3:      layout_loops_cross, lemuel_doored_altar, kiku_gazebo_garden_becter
D:4:      layout_cave_pools, serial_shops, shop, portal_sewer_entry_b,
          kennysheep_cross_room, grunt_dithmenos_shadows
D:6:      layout_loops_ring, temple_green, minmay_misc_feat_enclosed

Skill      XL: |  1  2  3  4  5  6 |
---------------+-------------------+-----
Fighting       | 2 3 4 |  4.1
Polearms       | 3 4 5 6 |  6.2
Throwing       | |  1.7
Dodging        | |  2.6

Action                   |  1- 3 |  4- 6 || total
-------------------------+-------+-------++-------
Melee: Trident           |   147 |   201 ||   348
  Use: Potion            |     1 |     1 ||     2
       Scroll            |       |     7 ||     7
  Eat: Chunk             |     4 |     2 ||     6
       Ration            |       |     1 ||     1
Armor: Leather armour    |     9 |       ||     9
       Chain mail        |    57 |    88 ||   145
Dodge: Dodged            |    65 |    89 ||   154
